 Dungeon Crawl Stone Soup version 0.27-a0-1434-g6f15984924 (webtiles) character file.

Game seed: 12322223816686582839

305775 Delamore the Warrior (level 22, 0/226 HPs)
             Began as a Formicid Fighter on July 3, 2021.
             Was an Initiate of Gozag.
             Slain by a vault warden (41 damage)
             ... on level 3 of the Vaults.
             The game lasted 00:56:40 (43435 turns).

Delamore the Warrior (Formicid Fighter)            Turns: 43435, Time: 00:56:41

Health: 0/226      AC: 26    Str: 31    XL:     22   Next: 7%
Magic:  22/22      EV: 14    Int:  7    God:    Gozag
Gold:   2261       SH: 30    Dex: 19    Spells: 21/21 levels left

rFire    + + .     SeeInvis +   r - +9 quarterstaff (spect)
rCold    + + +     Faith    .   S - +8 tower shield
rNeg     + . .     Spirit   .   o - +0 plate armour "Ecupleat" {rElec Will+ rCorr Int-2}
rPois    +         Reflect  .   (helmet unavailable)
rElec    +         Harm     .   d - +1 cloak of Divine Compulsion {rPois rN+}
rCorr    +         Rampage  .   a - +1 pair of gloves
Will     +++..                  y - +0 pair of boots {Fly}
Stlth    ..........             m - amulet of Vitality {Regen+ HP+15}
HPRegen  1.47/turn              W - ring of Eharus {Wiz rF++ Str-5}
MPRegen  0.18/turn              C - ring "Utsyew" {rC+++ Str+6 Dex+9}

@: gold aura, flying, studying Fighting
A: permanent stasis, dig shafts and tunnels, antennae 3, four strong arms,
iridescent scales 1, robust 1
}: 2/15 runes: serpentine, barnacled
a: Dig, Shaft Self, Renounce Religion, Potion Petition, Call Merchant, Bribe
Branch


You were on level 3 of the Vaults.
You worshipped Gozag.
Gozag was most pleased with you.
You visited 7 branches of the dungeon, and saw 35 of its levels.
You visited the Abyss 1 time.
You also visited: Trove, Sewer, Gauntlet and Ice Cave.

You collected 17026 gold pieces.
You spent 3603 gold pieces at shops.
You paid 11162 gold pieces to Gozag.

Inventory:

Hand Weapons
 r - a +9 spectral quarterstaff (weapon)
Missiles
 h - 29 silver javelins (quivered)
 p - 106 boomerangs
 v - 114 poisoned darts
 J - 6 throwing nets
 N - 31 javelins
 T - 15 silver boomerangs
 U - 11 boomerangs of dispersal
Armour
 a - a +1 pair of gloves (worn)
 d - the +1 cloak of Divine Compulsion (worn) {rPois rN+}
   (You bought it in a shop on level 1 of the Lair of Beasts)

   rPois:     It protects you from poison.
   rN:        It protects you from negative energy.
 n - a scarf of resistance
 o - the +0 plate armour "Ecupleat" (worn) {rElec Will+ rCorr Int-2}
   (You bought it in a shop on level 14 of the Dungeon)

   Int:       It affects your intelligence (-2).
   rElec:     It insulates you from electricity.
   rCorr:     It protects you from acid and corrosion.
   Will:      It increases your willpower.
 y - a +0 pair of boots of flying (worn)
 S - a +8 tower shield (worn)
Jewellery
 c - the ring "Asaajume" {rPois rN+ Will+++ Str+2 Dex-5}
   (You found it in a treasure trove)

   [ring of poison resistance]

   Str:       It affects your strength (+2).
   Dex:       It affects your dexterity (-5).
   rPois:     It protects you from poison.
   rN:        It protects you from negative energy.
   Will:      It greatly increases your willpower.
 k - the ring "Suyblem" {rCorr Str+5 Slay+4 Stlth+}
   (You found it in a treasure trove)

   [ring of slaying]

   Str:       It affects your strength (+5).
   Slay:      It affects your accuracy & damage with ranged weapons and melee
   (+4).
   rCorr:     It protects you from acid and corrosion.
   Stlth:     It makes you more stealthy.
 l - a ring of magical power
 m - the amulet of Vitality (around neck) {Regen+ HP+15}
   (You found it on level 4 of the Dungeon)

   [amulet of regeneration]

   HP:        It affects your health (+15).
   Regen:     It increases your rate of health regeneration.
 s - a ring of flight
 C - the ring "Utsyew" (right hand) {rC+++ Str+6 Dex+9}
   (You acquired it on level 10 of the Dungeon)

   [ring of strength]

   Str:       It affects your strength (+6).
   Dex:       It affects your dexterity (+9).
   rC:        It renders you almost immune to cold.
 W - the ring of Eharus (left hand) {Wiz rF++ Str-5}
   (You bought it in a shop on level 10 of the Dungeon)

   [ring of wizardry]

   It improves your spell success rate.
   Str:       It affects your strength (-5).
   rF:        It greatly protects you from fire.
 X - a ring of protection from fire
Wands
 x - a wand of acid (21)
 H - a wand of iceblast (50)
 I - a wand of mindburst (18)
 L - a wand of flame (79)
 Q - a wand of charming (14)
 V - a wand of paralysis (32)
Scrolls
 b - 2 scrolls of brand weapon
 f - a scroll of fear
 i - a scroll of enchant weapon
 t - 8 scrolls of immolation
 z - a scroll of noise
 A - 9 scrolls of fog
 B - 6 scrolls of magic mapping
 F - 2 scrolls of silence
 O - 2 scrolls of amnesia
 R - 15 scrolls of identify
Potions
 e - 3 potions of magic
 g - a potion of resistance
 j - 5 potions of heal wounds
 q - 8 potions of ambrosia
 u - 5 potions of mutation
 w - 4 potions of might
 D - 2 potions of cancellation
 E - 7 potions of brilliance
 G - 2 potions of invisibility
 K - 10 potions of curing
Miscellaneous
 M - a condenser vane (inert)
 P - a lightning rod (4/4)


   Skills:
 + Level 20.5 Fighting
 - Level 17.4 Staves
 + Level 10.1 Throwing
 - Level 16.7 Armour
 + Level 9.2 Dodging
 - Level 15.0 Shields
 + Level 13.0 Evocations


You had 21 spell levels left.
You didn't know any spells.
Your spell library contained the following spells:

 Spells                   Type           Power      Damage    Failure   Level
 Beastly Appendage        Tmut           0%         N/A       61%         1
 Corona                   Hex            0%         N/A       61%         1
 Sting                    Tmut/Pois      0%         1d3       61%         1
 Summon Small Mammal      Summ           0%         N/A       61%         1
 Corpse Rot               Necr/Air       N/A        N/A       75%         2
 Ensorcelled Hibernation  Hex/Ice        0%         N/A       75%         2
 Passwall                 Tmut/Erth      0%         N/A       75%         2
 Poisonous Vapours        Pois/Air       0%         N/A       75%         2
 Slow                     Hex            0%         N/A       75%         2
 Static Discharge         Conj/Air       0%         N/A       75%         2
 Sublimation of Blood     Necr           0%         N/A       75%         2
 Wereblood                Tmut           0%         N/A       75%         2
 Call Canine Familiar     Summ           0%         N/A       92%         3
 Confusing Touch          Hex            0%         N/A       92%         3
 Dazzling Flash           Conj/Hex       0%         N/A       92%         3
 Frozen Ramparts          Ice            0%         1d2       92%         3
 Gell's Gravitas          Tloc           0%         N/A       92%         3
 Inner Flame              Hex/Fire       0%         N/A       92%         3
 Lesser Beckoning         Tloc           0%         N/A       92%         3
 Mephitic Cloud           Conj/Pois/Air  0%         N/A       92%         3
 Portal Projectile        Hex/Tloc       0%         N/A       92%         3
 Spider Form              Tmut/Pois      0%         N/A       92%         3
 Summon Guardian Golem    Hex/Summ       0%         N/A       92%         3
 Teleport Other           Tloc           0%         N/A       92%         3
 Tukima's Dance           Hex            0%         N/A       92%         3
 Airstrike                Air            0%         N/A       100%        4
 Animate Dead             Necr           0%         N/A       100%        4
 Cause Fear               Hex            0%         N/A       100%        4
 Dispel Undead            Necr           0%         3d6       100%        4
 Hailstorm                Conj/Ice       0%         3d3       100%        4
 Ice Form                 Ice/Tmut       0%         N/A       100%        4
 Iskenderun's Mystic Bla  Conj/Tloc      0%         2d3       100%        4
 Leda's Liquefaction      Hex/Erth       0%         N/A       100%        4
 Olgreb's Toxic Radiance  Pois           0%         N/A       100%        4
 Passage of Golubria      Tloc           N/A        N/A       100%        4
 Petrify                  Tmut/Erth      0%         N/A       100%        4
 Sticky Flame             Conj/Fire      0%         2d3       100%        4
 Summon Ice Beast         Ice/Summ       0%         N/A       100%        4
 Summon Lightning Spire   Summ/Air       0%         N/A       100%        4
 Alistair's Intoxication  Tmut/Pois      0%         N/A       100%        5
 Blade Hands              Tmut           0%         N/A       100%        5
 Borgnjor's Vile Clutch   Necr/Erth      0%         N/A       100%        5
 Excruciating Wounds      Necr           0%         N/A       100%        5
 Fireball                 Conj/Fire      0%         3d3       100%        5
 Freezing Cloud           Conj/Ice/Air   0%         6-21      100%        5
 Irradiate                Conj/Tmut      0%         3d13      100%        5
 Iskenderun's Battlesphe  Conj           0%         2d6       100%        5
 Lightning Bolt           Conj/Air       0%         1d11      100%        5
 Manifold Assault         Tloc           0%         N/A       100%        5
 Summon Forest            Summ/Tloc      0%         N/A       100%        5
 Summon Mana Viper        Hex/Summ       0%         N/A       100%        5
 Yara's Violent Unravell  Hex/Tmut       0%         3d3       100%        5
 Conjure Ball Lightning   Conj/Air       0%         3x3d6     100%        6
 Death Channel            Necr           0%         N/A       100%        6
 Eringya's Noxious Bog    Tmut/Pois      0%         N/A       100%        6
 Invisibility             Hex            0%         N/A       100%        6
 Iron Shot                Conj/Erth      0%         9d1       100%        6
 Shadow Creatures         Summ           N/A        N/A       100%        6
 Simulacrum               Ice/Necr       0%         N/A       100%        6
 Starburst                Conj/Fire      0%         8x6d3     100%        6
 Dragon Form              Tmut           0%         N/A       100%        7
 Haunt                    Necr/Summ      0%         N/A       100%        7
 Monstrous Menagerie      Summ           0%         N/A       100%        7
 Orb of Destruction       Conj           0%         N/A       100%        7
 Ozocubu's Refrigeration  Ice            0%         4d5       100%        7
 Spellforged Servitor     Conj/Summ      0%         N/A       100%        7
 Storm Form               Tmut/Air       0%         N/A       100%        7
 Summon Hydra             Summ           0%         N/A       100%        7
 Discord                  Hex            0%         N/A       100%        8
 Disjunction              Tloc           0%         N/A       100%        8
 Ignition                 Fire           0%         3d3       100%        8
 Infestation              Necr           0%         N/A       100%        8
 Blink                    Tloc           Unusable   N/A       N/A         2
 Swiftness                Air            Unusable   N/A       N/A         3

Dungeon Overview and Level Annotations

Branches:
Dungeon (15/15)            Temple (1/1) D:5            Lair (6/6) D:11
 Shoals (4/4) Lair:4        Snake (4/4) Lair:4        Slime (0/5) Lair:6
    Orc (2/2) D:10            Elf (0/3) Orc:2        Vaults (3/5) D:14
  Crypt (0/3) Vaults:2     Depths (0/5) D:15          Sewer (visited)
  IceCv (visited)         Gauntlet (visited)

Altars:
Ashenzari
Cheibriados
Elyvilon
Fedhas
Gozag
Hepliaklqana
Kikubaaqudgha
Okawaru
Ru
Sif Muna
Trog
Vehumet
Wu Jian
Yredelemnul

Shops:
D:1 (   D:9 (   D:10 [*   D:11 (   D:14 ?[   Orc:2 :=[:   Lair:1 =[   Lair:3 ?
Shoals:2 [   Vaults:1 [   Vaults:2 !

Annotations:
Lair:6 exclusion: 4 oklob plants


Innate Abilities, Weirdness & Mutations

You cannot be hasted, slowed, berserked, paralysed or teleported.
You can dig through walls and to a lower floor.
You have a pair of large antennae on your head. (SInv)
Your four strong arms can wield two-handed weapons with a shield.
You are partially covered in iridescent scales. (AC +2)
You are robust. (+10% HP)


Message History

The vault warden is engulfed in freezing vapours.
You kill the vault warden!
A freezing mist starts to gather...
The orc knight is engulfed in freezing vapours.
You block the orc knight's attack.
The necromancer is engulfed in freezing vapours.
The necromancer misses you.
The ironbound convoker is engulfed in freezing vapours.
The ironbound convoker hits you but does no damage.
A vault warden simulacrum comes into view.
Really fly into that cloud of freezing vapour?
You are engulfed in freezing vapours.
You resist.
* * * LOW HITPOINT WARNING * * *
The wizard is engulfed in freezing vapours.
The wizard gestures wildly while chanting.
The wizard flickers and vanishes for a moment.
The vault warden is engulfed in freezing vapours.
You block the vault warden's attack. You block the vault guard's attack.
The ironbound convoker is engulfed in freezing vapours.
You block the ironbound convoker's attack.
The orc knight is engulfed in freezing vapours.
The orc knight is distracted by your dazzling golden aura.
The necromancer is engulfed in freezing vapours.
Things that are here:
7 gold pieces; a +6 vorpal war axe; a +0 chain mail You are engulfed in freezing vapours.
You resist.
* * * LOW HITPOINT WARNING * * *
The vault guard is engulfed in freezing vapours.
You block the vault guard's attack.
The wizard is engulfed in freezing vapours.
The ironbound convoker is engulfed in freezing vapours.
The ironbound convoker points at the necromancer and mumbles some strange words.
The necromancer seems to grow stronger.
You block the vault warden simulacrum's attack.
The vault guard is engulfed in freezing vapours.
The wizard is engulfed in freezing vapours.
The vault warden is engulfed in freezing vapours.
The vault warden hits you from afar with a +1 halberd!!!
You die...
Your body crumbles into a pile of gold.

+...# #...#
#...#####
#...#...#
#...#...#
#...+$§.#####
##
#..$#.#§#§p§#
.#
#$..#.§ppp#Z#
.#
#...#.#o#§p@#
.#
#...+..T#####
.# #...#...#
.# #...#...#
.# #...#####
.# #...#
######$..#
##...'...#
.#...#...#


You could see a vault warden (soul bound, strong), a vault guard (soul bound),
an ironbound convoker (soul bound, catching breath), a necromancer (strong), a
wizard (soul bound, invisible) and a vault warden simulacrum.

Vanquished Creatures
  Bai Suzhen (Shoals:3)
  Polyphemus (Shoals:4)
  A tentacled starspawn (Abyss:3)
  A shadow dragon (Vaults:2)
  A tengu reaver (D:13)
  9 nagarajas (Snake:4)
  Ilsuiw (Shoals:2)
  5 vault wardens
  Aizul (Shoals:2)
  9 ironbound preservers
  A draconian annihilator (Abyss:3)
  3 very ugly things (Abyss:3)
  A stone giant (D:15)
  A minotaur (Gauntlet)
  2 dire elephants (Vaults:2)
  2 entropy weavers (Vaults:2)
  The ghost of twist the Nimble, a journeyman DjIE of Makhleb (D:11)
  5 merfolk javelineers
  2 ettins
  The ghost of Delamore the Cruncher, a journeyman FoFi of Gozag (D:13)
  4 merfolk impalers
  2 great orbs of eyes
  4 ironbound thunderhulks
  2 spectral krakens (Shoals:4)
  4 yaktaur captains
  3 salamander tyrants
  9 vault guards
  Harold (D:11)
  5 hydras
  12 naga warriors
  20 anacondas
  4 boulder beetles
  2 two-headed ogres (D:12)
  2 catoblepae
  6 ironbound frosthearts
  2 ghost crabs (Shoals:4)
  3 merfolk avatars
  7 merfolk aquamancers
  14 centaur warriors
  A death knight (D:15)
  6 death yaks
  A satyr (Shoals:4)
  5 orc high priests (Orc:2)
  8 naga sharpshooters
  2 shock serpents
  Urug (D:12)
  A thrashing horror (Abyss:3)
  6 ironbound beastmasters
  A soul eater (Abyss:3)
  3 wretched stars (Abyss:3)
  Nergalle (D:10)
  A shadow wraith (Abyss:3)
  A death drake (shapeshifter) (Abyss:3)
  4 salamander mystics
  31 deep trolls
  11 sea snakes
  An orange crystal statue (Gauntlet)
  9 lindwurms
  10 ironbound convokers
  3 naga ritualists
  9 orc knights
  5 wizards
  22 harpies
  2 necromancers
  A phantasmal warrior (D:15)
  2 deep elf pyromancers
  4 mana vipers
  9 cyclopes
  10 manticores
  An orc sorcerer (D:15)
  22 salamanders
  19 ugly things
  5 fauns
  4 ice statues
  A black mamba (shapeshifter) (D:15)
  29 black mambas
  A spectral alligator snapping turtle (Shoals:4)
  11 guardian serpents
  9 elephants
  Maurice (Orc:1)
  22 naga magi
  4 water nymphs
  9 vault sentinels
  19 cane toads
  10 merfolk sirens
  2 unseen horrors
  2 rime drakes
  2 smoke demons (Abyss:3)
  An orange demon (Abyss:3)
  A gargoyle (D:12)
  A spectral sea snake (Shoals:4)
  7 komodo dragons
  3 kobold demonologists
  3 freezing wraiths
  An efreet (D:14)
  A spectral merfolk (Shoals:4)
  9 yaktaurs
  6 ice devils (IceCv)
  Psyche (D:11)
  A spectral water nymph (Shoals:4)
  An ancient zyme (Abyss:3)
  A queen bee (D:11)
  3 meliai (D:15)
  A spectral harpy (Shoals:4)
  35 merfolk
  10 wind drakes
  22 slime creatures
  3 jumping spiders (Vaults:2)
  9 trolls
  A jumping spider (shapeshifter) (D:14)
  10 polar bears
  A hornet (shapeshifter) (D:13)
  6 hornets (Lair:6)
  A meliai zombie (D:11)
  32 blink frogs
  Grinder (D:5)
  22 dream sheep
  7 snapping turtles
  2 raiju (Gauntlet)
  2 spectral manticores (Shoals:4)
  13 spriggans (Lair:6)
  2 redbacks (Vaults:2)
  A tarantella (Vaults:2)
  3 wyverns
  21 humans (D:14)
  A vampire (D:13)
  2 ynoxinuls (Abyss:3)
  Eustachio (D:4)
  7 wraiths
  A chaos spawn (Abyss:3)
  10 water elementals
  74 yaks
  2 steam dragons
  Grum (D:11)
  5 basilisks
  5 wargs
  Menkaure (D:5)
  37 nagas
  2 acid dragons
  19 water moccasins
  Duvessa (D:4)
  4 black bears
  4 sky beasts
  7 ice beasts
  6 necrophages
  42 orc warriors
  8 ogres
  4 boggarts (Lair:6)
  25 centaurs
  28 wolves
  4 phantoms
  2 kobold brigands
  Blork the orc (D:4)
  7 bullfrogs
  A wyvern zombie (D:9)
  A scorpion (D:6)
  Dowan (D:4)
  36 killer bees
  5 wights
  3 electric eels
  3 centaur zombies (D:9)
  3 draconian simulacra (IceCv)
  6 jellies
  30 orc priests
  6 hounds
  4 iguanas
  Ijyb (D:4)
  20 orc wizards
  3 troll simulacra (IceCv)
  A lightning spire (Gauntlet)
  A spriggan simulacrum (IceCv)
  7 hell rats (Lair:6)
  2 small abominations (Abyss:3)
  2 mummies
  A howler monkey zombie (D:9)
  Robin (D:4)
  7 gnolls
  15 adders
  A river rat (D:3)
  3 ogre simulacra (IceCv)
  5 white imps
  An ufetubus (D:6)
  2 worms
  5 dart slugs
  97 orcs
  20 ball pythons
  3 bats
  29 endoplasms
  15 giant cockroaches
  10 goblins
  10 hobgoblins
  6 jackals (D:2)
  10 kobolds
  16 quokkas
  13 frilled lizards
  8 rats
  A lurking horror (Abyss:3)
  A starspawn tentacle (Abyss:3)
  3 tentacles (Shoals:4)
  A withered plant (Shoals:2)
1475 creatures vanquished.

Vanquished Creatures (collateral kills)
  A necromancer (Vaults:3)
  An elf simulacrum (Vaults:3)
  A deep troll simulacrum (Vaults:3)
3 creatures vanquished.

Vanquished Creatures (others)
  A naga (Snake:4)
  An orc warrior (D:8)
  A centaur (D:13)
  A human skeleton (Vaults:3)
  A glowing shapeshifter simulacrum (Vaults:3)
  3 orcs
  44 fungi
  A lurking horror (Abyss:3)
  50 plants
  2 starspawn tentacles (Abyss:3)
  9 tentacles (Shoals:4)
  5 withered plants (Shoals:4)
119 creatures vanquished.

Grand Total: 1597 creatures vanquished

Notes
Turn   | Place    | Note
-------+----------+-------------------------------------------
     0 | D:1      | Delamore the Formicid Fighter began the quest for the Orb.
     0 | D:1      | Reached XP level 1. HP: 18/18 MP: 1/1
   125 | D:1      | Found a faded altar of an unknown god.
   223 | D:1      | Found Tuitz's Weapon Shop.
   239 | D:1      | Reached XP level 2. HP: 24/24 MP: 2/2
   837 | D:2      | Reached XP level 3. HP: 30/30 MP: 3/3
  1578 | D:2      | Reached XP level 4. HP: 32/37 MP: 4/4
  1582 | D:2      | Reached skill level 4 in Fighting
  1752 | D:2      | Reached XP level 5. HP: 27/42 MP: 5/5
  1915 | D:3      | Found a glowing drain.
  1955 | Sewer    | Entered a sewer
  2959 | Sewer    | Reached XP level 6. HP: 49/49 MP: 6/6
  3037 | Sewer    | Reached skill level 5 in Staves
  3170 | Sewer    | Reached skill level 5 in Fighting
  4152 | D:4      | Noticed Eustachio
  4168 | D:4      | Killed Eustachio
  4169 | D:4      | Reached XP level 7. HP: 53/56 MP: 7/7
  4369 | D:4      | Noticed Robin
  4371 | D:4      | Noticed Duvessa
  4373 | D:4      | Noticed Dowan
  4419 | D:4      | Killed Duvessa
  4425 | D:4      | Killed Robin
  4437 | D:4      | Reached XP level 8. HP: 23/62 MP: 8/8
  4457 | D:4      | Killed Dowan
  4964 | D:4      | Noticed Ijyb
  5020 | D:4      | Killed Ijyb
  5311 | D:4      | Found the amulet of Vitality {Regen+ HP+15}
  5456 | D:4      | Noticed Blork the orc
  5464 | D:4      | Killed Blork the orc
  5518 | D:5      | Entered Level 5 of the Dungeon
  5558 | D:5      | Noticed Grinder
  5568 | D:5      | Reached skill level 10 in Staves
  5568 | D:5      | Reached XP level 9. HP: 68/68 MP: 9/9
  5578 | D:5      | Killed Grinder
  5877 | D:5      | Noticed Menkaure
  5883 | D:5      | Killed Menkaure
  6189 | D:5      | Found a staircase to the Ecumenical Temple.
  6244 | Temple   | Entered the Ecumenical Temple
  6253 | Temple   | Became a worshipper of Gozag Ym Sagoz the Greedy
  6301 | D:5      | Found a snail-covered altar of Cheibriados.
  6815 | D:6      | Reached XP level 10. HP: 73/73 MP: 10/10
  6899 | D:6      | Noticed an unseen horror
  6927 | D:6      | Killed an unseen horror
  7114 | D:1      | Bought a +2 spectral quarterstaff for 220 gold pieces
  8828 | D:9      | Reached XP level 11. HP: 59/81 MP: 11/11
  8833 | D:9      | Reached skill level 5 in Shields
  8836 | D:9      | Reached skill level 6 in Fighting
  8876 | D:9      | Reached skill level 5 in Armour
  8949 | D:9      | Found Boesol's Weapon Emporium.
  9896 | D:10     | Entered Level 10 of the Dungeon
  9936 | D:10     | Reached skill level 7 in Fighting
  9936 | D:10     | Identified a scroll of acquirement
  9936 | D:10     | Acquired the ring "Utsyew" {rC+++ Str+6 Dex+9}
  9950 | D:10     | Noticed a cyclops
  9957 | D:10     | Killed a cyclops
  9993 | D:10     | Noticed Nergalle
 10000 | D:10     | Killed Nergalle
 10165 | D:10     | Found a staircase to the Orcish Mines.
 10217 | D:10     | Noticed a centaur warrior
 10228 | D:10     | Killed a centaur warrior
 10516 | D:10     | Noticed a centaur warrior
 10526 | D:10     | Killed a centaur warrior
 10527 | D:10     | Reached skill level 8 in Fighting
 11012 | D:11     | Found Fedaolle's Antique Weapon Emporium.
 11034 | D:11     | Found a staircase to the Lair.
 11065 | D:11     | Found a runed translucent door.
 11067 | D:11     | Noticed twist's ghost (journeyman DjIE)
 11068 | D:11     | Noticed a manticore
 11157 | D:11     | Noticed Grum
 11166 | D:11     | Reached XP level 12. HP: 80/94 MP: 12/12
 11175 | D:11     | Killed Grum
 11402 | D:11     | Reached skill level 9 in Fighting
 11458 | D:11     | Noticed Psyche
 11464 | D:11     | Killed Psyche
 11505 | D:11     | Noticed Harold
 11514 | D:11     | Killed Harold
 11793 | D:11     | Killed twist's ghost
 11794 | D:11     | Reached skill level 10 in Fighting
 11797 | D:11     | Identified the +7 whip "Demon's Regret" {antimagic, rPois
                  | rC+ Dex+3}
 12214 | D:11     | Identified the +0 pair of boots of the Lotus Blossom {Harm}
 12274 | Lair:1   | Entered Level 1 of the Lair of Beasts
 12277 | Lair:1   | Bought the +1 cloak of Divine Compulsion {rPois rN+} for
                  | 273 gold pieces
 12301 | Lair:1   | Noticed a four-headed hydra
 12310 | Lair:1   | Killed a four-headed hydra
 12427 | Lair:1   | Reached skill level 10 in Armour
 12677 | Lair:1   | Reached skill level 11 in Fighting
 12694 | Lair:1   | Identified the +3 scale mail of Disaster {rElec rN+}
 12792 | Lair:1   | Reached XP level 13. HP: 106/106 MP: 13/13
 12938 | Lair:1   | Reached skill level 12 in Fighting
 14180 | Lair:3   | Noticed an eight-headed hydra
 14180 | Lair:3   | Noticed a four-headed hydra
 14187 | Lair:3   | Killed an eight-headed hydra
 14188 | Lair:3   | Reached skill level 13 in Fighting
 14194 | Lair:3   | Killed a four-headed hydra
 14326 | Lair:3   | Reached skill level 14 in Fighting
 14627 | Lair:3   | Reached skill level 15 in Fighting
 14651 | Lair:3   | Reached skill level 1 in Evocations
 14656 | Lair:3   | Reached skill level 1 in Dodging
 14721 | Lair:3   | Reached XP level 14. HP: 123/123 MP: 14/14
 15797 | Lair:3   | Bought a scroll of enchant weapon for 112 gold pieces
 15797 | Lair:3   | Bought a scroll of enchant weapon for 112 gold pieces
 15797 | Lair:3   | Bought a scroll of enchant weapon for 112 gold pieces
 15797 | Lair:3   | Bought a scroll of amnesia for 52 gold pieces
 15883 | Lair:4   | Identified the +0 chain mail of the Lost Path {rPois Str+4
                  | Int+4}
 16025 | Lair:4   | Found a staircase to the Shoals.
 16324 | Lair:4   | Found a staircase to the Snake Pit.
 16402 | Lair:4   | Reached skill level 5 in Evocations
 17485 | Lair:5   | Reached skill level 5 in Dodging
 17760 | Lair:5   | Reached skill level 15 in Staves
 18318 | Lair:6   | Entered Level 6 of the Lair of Beasts
 18580 | Lair:6   | Reached XP level 15. HP: 120/129 MP: 15/15
 19631 | Lair:6   | Found a staircase to the Slime Pits.
 20421 | Orc:1    | Entered Level 1 of the Orcish Mines
 20452 | Orc:1    | Noticed Maurice
 20481 | Orc:1    | Killed Maurice
 20482 | Orc:1    | Reached skill level 10 in Evocations
 20558 | Orc:1    | Found a frozen archway.
 20567 | IceCv    | Entered an ice cave
 20744 | IceCv    | Reached skill level 10 in Shields
 21614 | Orc:2    | Entered Level 2 of the Orcish Mines
 21614 | Orc:2    | Found a staircase to the Elven Halls.
 22244 | Orc:2    | Found a radiant altar of Vehumet.
 22660 | Orc:1    | Reached XP level 16. HP: 72/136 MP: 16/16
 22793 | Orc:2    | Gained mutation: You are frail. (-10% HP) [a neqoxec]
 22866 | Orc:2    | Found Qixte's Book Shoppe.
 22866 | Orc:2    | Found Kukaev's Armour Shoppe.
 22873 | Orc:2    | Found Yciop's Book Shoppe.
 22873 | Orc:2    | Found Vemaame's Jewellery Emporium.
 23511 | D:10     | Bought a polished ring mail for 261 gold pieces
 23511 | D:10     | Identified the +1 ring mail of Ymegg {Contam Dex+2 Stlth+}
                  | (You bought it in a shop on level 10 of the Dungeon)
 23511 | D:10     | Bought a smoking steel ring for 145 gold pieces
 23511 | D:10     | Identified the ring of Eharus {Wiz rF++ Str-5} (You bought
                  | it in a shop on level 10 of the Dungeon)
 23518 | D:10     | Bought a worn ivory wand for 116 gold pieces
 23653 | D:12     | Identified the +4 ring mail "Gaol" {rPois Will++ Str-2
                  | Int+9}
 23797 | D:12     | Noticed Urug
 23809 | D:12     | Killed Urug
 24495 | D:13     | Noticed a tengu reaver
 24695 | D:13     | Found a runed translucent gate.
 24695 | D:13     | Found a runed translucent gate.
 24695 | D:13     | Found a runed translucent gate.
 24695 | D:13     | Noticed Delamore's ghost (journeyman FoFi)
 25177 | D:13     | Killed Delamore's ghost
 25194 | D:13     | Killed a tengu reaver
 25327 | D:14     | Found a hazy altar of Hepliaklqana.
 25384 | D:14     | Reached skill level 15 in Shields
 25461 | D:14     | Reached skill level 1 in Throwing
 25694 | D:14     | Found a gate to the Vaults.
 26485 | D:14     | Bought a bloodstained plate armour for 700 gold pieces
 26485 | D:14     | Identified the +0 plate armour "Ecupleat" {rElec Will+
                  | rCorr Int-2} (You bought it in a shop on level 14 of the
                  | Dungeon)
 26485 | D:14     | Bought a citrine-encrusted plate armour for 700 gold pieces
 26485 | D:14     | Identified the +3 plate armour "Zecos" {rF+} (You bought it
                  | in a shop on level 14 of the Dungeon)
 26505 | D:15     | Entered Level 15 of the Dungeon
 26516 | D:15     | Found a gate leading to a gauntlet.
 26532 | Gauntlet | Entered a Gauntlet
 26532 | Gauntlet | Found a transporter.
 26532 | Gauntlet | Found a transporter.
 26532 | Gauntlet | Found a transporter.
 26532 | Gauntlet | Found a transporter.
 26536 | Gauntlet | Found a transporter.
 26557 | Gauntlet | Found a transporter.
 26563 | Gauntlet | Found a transporter.
 26571 | Gauntlet | Found a transporter.
 26577 | Gauntlet | Found a transporter.
 26579 | Gauntlet | Found a transporter.
 26600 | Gauntlet | Found a transporter.
 26658 | Gauntlet | Found a transporter.
 26753 | Gauntlet | Identified the ring of Democracy {rF+ rC+ Str-4 Int+4}
 26766 | Gauntlet | Got the Guide on Transformation
 26856 | Gauntlet | Got Qena Wof's Volume of Orientation
 26883 | D:15     | Found a staircase to the Depths.
 26893 | D:15     | Reached XP level 17. HP: 127/127 MP: 17/17
 28000 | Snake:1  | Entered Level 1 of the Snake Pit
 28216 | Snake:1  | Reached skill level 5 in Throwing
 28787 | Snake:1  | You are sucked into a shaft and drop 1 floor!
 29908 | Snake:2  | Reached skill level 16 in Fighting
 32122 | Snake:4  | Entered Level 4 of the Snake Pit
 32336 | Snake:4  | Reached XP level 18. HP: 137/137 MP: 18/18
 32450 | Snake:4  | Reached skill level 17 in Fighting
 33007 | Snake:4  | Reached skill level 10 in Throwing
 33060 | Snake:4  | Reached XP level 19. HP: 145/145 MP: 19/19
 33480 | Snake:4  | Got a serpentine rune of Zot
 33654 | Shoals:1 | Entered Level 1 of the Shoals
 34439 | Shoals:2 | Noticed Aizul
 34455 | Shoals:2 | Killed Aizul
 34463 | Shoals:2 | Reached skill level 18 in Fighting
 34704 | Shoals:2 | Noticed Ilsuiw
 34739 | Shoals:2 | Killed Ilsuiw
 35608 | Shoals:2 | Reached skill level 15 in Armour
 35768 | Shoals:2 | Lost mutation: You are frail. (-10% HP) [potion of
                  | mutation]
 35768 | Shoals:2 | Gained mutation: You are robust. (+10% HP) [potion of
                  | mutation]
 35768 | Shoals:2 | Gained mutation: You are partially covered in iridescent
                  | scales. (AC +2) [potion of mutation]
 35773 | Shoals:3 | Noticed Bai Suzhen
 35790 | Shoals:3 | Killed Bai Suzhen
 35983 | Shoals:3 | Reached skill level 19 in Fighting
 36867 | Shoals:3 | Acquired 1048 gold pieces
 36902 | Shoals:4 | Entered Level 4 of the Shoals
 37054 | Shoals:4 | Noticed Polyphemus
 37063 | Shoals:4 | Killed Polyphemus
 37121 | Shoals:4 | Cast into level 3 of the Abyss (merfolk)
 37143 | Abyss:3  | Identified the +0 pair of gloves of the Nexus {Harm Regen+}
 37226 | Abyss:3  | Reached skill level 20 in Fighting
 37284 | Abyss:3  | Reached XP level 20. HP: 44/193 MP: 20/20
 37476 | Shoals:4 | Escaped the Abyss
 38502 | Shoals:4 | Got a barnacled rune of Zot
 39071 | Vaults:1 | Entered Level 1 of the Vaults
 39082 | D:14     | Bought a scroll of brand weapon for 320 gold pieces
 39172 | Vaults:1 | Found a portal to a secret trove of treasure.
 39225 | Vaults:1 | You paid a toll of 11 potions of heal wounds to enter a
                  | treasure trove
 39226 | Trove    | Entered a treasure trove
 39234 | Trove    | Identified the ring "Asaajume" {rPois rN+ Will+++ Str+2
                  | Dex-5}
 39239 | Trove    | Identified the ring "Zaimedgh" {Ice Int+4 Dex+4}
 39241 | Trove    | Identified the ring "Suyblem" {rCorr Str+5 Slay+4 Stlth+}
 39566 | Vaults:1 | Reached XP level 21. HP: 183/201 MP: 21/21
 41085 | Vaults:2 | Found a staircase to the Crypt.
 41085 | Vaults:2 | Found a basalt altar of Yredelemnul.
 41086 | Vaults:2 | Found an ancient bone altar of Kikubaaqudgha.
 41243 | Vaults:2 | You are sucked into a shaft and drop 1 floor!
 42186 | Vaults:2 | Found Ylucom Xasob's Distillery.
 42225 | Vaults:2 | Bought a potion of heal wounds for 60 gold pieces
 42225 | Vaults:2 | Bought a potion of might for 48 gold pieces
 42225 | Vaults:2 | Bought a potion of might for 48 gold pieces
 42225 | Vaults:2 | Bought a potion of heal wounds for 60 gold pieces
 42225 | Vaults:2 | Bought a potion of curing for 36 gold pieces
 42225 | Vaults:2 | Bought a potion of curing for 36 gold pieces
 42225 | Vaults:2 | Bought a potion of mutation for 96 gold pieces
 42225 | Vaults:2 | Bought a potion of mutation for 96 gold pieces
 43323 | Vaults:3 | Reached XP level 22. HP: 211/211 MP: 22/22
 43435 | Vaults:3 | Slain by a vault warden

Illustrated notes

Levels and vault maps discovered:
D:1:      erik_arrival_orb_chamber, layout_basic, serial_shops, shop,
          shapermc_ecumenical_altar_notcrosses, patterned_corridor
D:2:      layout_rooms, kennysheep_small_spiral
D:3:      layout_basic, portal_sewer_entry_a, minmay_circle_x
D:4:      minmay_clustersquares, layout_basic, uniq_duvessa, uniq_ijyb,
          uniq_robin, uniq_eustachio, uniq_blork_the_orc
D:5:      layout_basic, slow_altar_2, minmay_temple_entry_drinking_statues,
          uniq_menkaure, uniq_grinder
D:6:      layout_basic, sword_in_stone
D:7:      layout_basic
D:8:      layout_rooms
D:9:      layout_basic, serial_undead, serial_undead_a, serial_undead_e,
          serial_undead_c, serial_undead_d, serial_undead_f, serial_undead_e,
          serial_shops, nicolae_shop_temple_entry_statues_fountains
D:10:     layout_irregular_city, david_orc_4, uniq_nergalle
D:11:     layout_roguey [special_room_bee], lair_entry_dummy,
          ebering_ghost_inner_flame, serial_shops, nicolae_shop_statue_plus,
          uniq_grum, uniq_psyche, uniq_harold
D:12:     layout_long_grid, uniq_urug
D:13:     layout_cave_pools, gammafunk_ghost_split
D:14:     lemuel_slime, layout_irregular_city, grunt_vaults_entry_tiered,
          nzn_hepliaklqana_mist_gate
D:15:     grunt_enter_depths_giant_problem, layout_small_grid,
          gauntlet_entry_generic, minivault_4
Temple:   grunt_wide_crystal_templ
Lair:1:   layout_gridlike, grunt_megastairs_1, serial_bayou_shore_a
Lair:2:   layout_regular_city, st_stairs_12, minivault_27,
          nicolae_quartered_pool_super
Lair:3:   layout_chaotic_city, ice2_lemuel, grunt_megastairs_4
Lair:4:   layout_loops_ring, elwin_shoals_entry_rooms,
          minmay_snake_entry_six_corridors, lemuel_fruit_tree,
          infiniplex_staircase_pool_2
Lair:5:   layout_regular_city, serial_bayou_crossing
Lair:6:   minmay_lair_end_enchanted_forest, layout_small_grid,
          minmay_slime_entry_oklob_enclosed
Shoals:1: layout_shoals
Shoals:2: layout_shoals, nicolae_shoals_stone_sculpture_thing,
          argonaut_gorgonesque, uniq_aizul, uniq_ilsuiw
Shoals:3: layout_shoals, uniq_bai_suzhen
Shoals:4: shoals_end_simple, layout_shoals, nicolae_shoals_spectral_cove,
          uniq_polyphemus
Snake:1:  layout_layer_cave, nicolae_snake_salamander_jacuzzi
Snake:2:  layout_layer_cave, nicolae_snake_single_loop
Snake:3:  layout_cave_pods
Snake:4:  grunt_snake_rune_serpentine_throne, layout_basic
Orc:1:    layout_caves, portal_ice_cave_entry_pillars_1, uniq_maurice
Orc:2:    st_orc_pillars, layout_caves, basic_altar
Vaults:1: nicolae_vaults_network_square, ontoclasm_vaults_loading_screen,
          ontoclasm_vaults_decontamination, ontoclasm_vaults_loading_screen,
          vaults_room_door_ring, hangedman_vaults_corner, vaults_mumra_hex,
          ontoclasm_vaults_gateway, nicolae_vaults_three_branches,
          layout_vaults_omnigrid, enter_trove_5
Vaults:2: v_rooms_5, vaults_dpeg_encased_lava, v_rooms_2,
          ontoclasm_vaults_claustrophobia, hangedman_vaults_snaps,
          minmay_crypt_entry_necro_gods, vaults_dpeg_diagonal, v_pattern_3,
          nicolae_vaults_specimen_jars, grunt_vaults_funnel, v_misc_25,
          ontoclasm_vaults_loading_screen, layout_vaults_ring, serial_shops,
          nicolae_shop_trees
Vaults:3: ontoclasm_vaults_pinch, vaults_room_hallway, vaults_dpeg_hooks,
          nicolae_vaults_triangles, hangedman_vaults_stitches,
          vaults_room_octagon, hangedman_vaults_hat, hangedman_vaults_nails,
          nicolae_vaults_little_squares_3, nicolae_vaults_little_squares_3,
          serial_ice_g, layout_vaults_big_cross

Skill      XL: |  1  2  3  4  5  6  7  8  9 10 11 12 13 14 15 16 17 18 19 20 21 22 |
---------------+-------------------------------------------------------------------+-----
Staves         | 3 4 6 8 10 12 14 15 16 17 | 17.4
Fighting       | 4 5 8 11 15 16 17 20 | 20.5
Shields        | 4 8 9 12 15 | 15.0
Armour         | 4 7 10 12 14 15 16 | 16.7
Evocations     | 1 7 10 11 12 13 | 13.0
Dodging        | 1 5 7 9 |  9.2
Throwing       | 3 7 10 | 10.1

Action                   |  1- 3 |  4- 6 |  7- 9 | 10-12 | 13-15 | 16-18 | 19-21 | 22-24 || total
-------------------------+-------+-------+-------+-------+-------+-------+-------+-------++-------
Melee: Quarterstaff      |   109 |   391 |   369 |   478 |  1066 |  1031 |  1185 |    34 ||  4663
Throw: Javelin           |       |       |       |       |       |       |    14 |       ||    14
Invok: Call Merchant     |       |       |       |     1 |     2 |     3 |     3 |       ||     9
       Potion Petition   |       |       |       |       |       |       |     3 |       ||     3
 Abil: Dig               |     1 |     1 |     7 |    12 |     9 |     7 |     1 |       ||    38
       Shaft Self        |       |       |       |       |       |       |     1 |       ||     1
Evoke: Wand              |       |       |       |       |     5 |       |     7 |       ||    12
       Condenser vane    |       |       |       |       |       |     1 |     2 |     1 ||     4
  Use: Scroll            |       |     7 |     5 |     7 |     8 |    13 |     6 |       ||    46
       Potion            |       |     3 |       |       |     1 |     1 |     1 |       ||     6
 Stab: Distracted        |       |       |       |    11 |    34 |    26 |    36 |     4 ||   111
Armor: Scale mail        |    63 |   201 |    89 |    88 |   167 |     6 |       |       ||   614
       Ring mail         |       |       |       |       |       |    44 |       |       ||    44
       Plate armour      |       |       |       |       |       |    77 |   214 |     5 ||   296
Dodge: Dodged            |    47 |   153 |   129 |   122 |   205 |   141 |   187 |     5 ||   989
Block: Kite shield       |    78 |   272 |   189 |   237 |   461 |   142 |       |       ||  1379
       Tower shield      |       |       |       |       |       |   661 |  1122 |    36 ||  1819

Table legend: (Time is in decaauts)
 A = Elapsed time spent in this place.
 B = Non-inter-level travel time spent in this place.
 C = Inter-level travel time spent in this place.
 D = Time resting spent in this place.
 E = Time spent auto-exploring this place.
 F = Levels seen in this place.
 G = Mean time per level.
                   A        B        C        D        E       F      G
               +--------+--------+--------+--------+--------+-----+--------+
         Total |  42216 |  39672 |   2544 |   2054 |  29728 |  40 | 1055.4 |
       Dungeon |  14797 |  13575 |   1222 |    659 |  10417 |  15 |  986.5 |
        Temple |     18 |     10 |      8 |      0 |      7 |   1 |   18.0 |
          Lair |   8020 |   7367 |    653 |    181 |   6123 |   6 | 1336.7 |
        Shoals |   4681 |   4487 |    194 |    323 |   3347 |   4 | 1170.2 |
     Snake Pit |   5362 |   5130 |    232 |    113 |   4233 |   4 | 1340.5 |
  Orcish Mines |   2289 |   2121 |    168 |    417 |   1135 |   2 | 1144.5 |
        Vaults |   4065 |   4000 |     65 |    120 |   3107 |   3 | 1355.0 |
         Abyss |    319 |    319 |      0 |     56 |      0 |   1 |  319.0 |
         Trove |     44 |     44 |      0 |      0 |      0 |   1 |   44.0 |
         Sewer |   1631 |   1631 |      0 |    184 |    989 |   1 | 1631.0 |
      Ice Cave |    657 |    657 |      0 |      0 |    355 |   1 |  657.0 |
      Gauntlet |    328 |    328 |      0 |      0 |     14 |   1 |  328.0 |
               +--------+--------+--------+--------+--------+-----+--------+

Top non-repeatable levels by time:
  Lair:6: 1819 daAuts
Vaults:2: 1776 daAuts
 Snake:1: 1710 daAuts
Vaults:1: 1665 daAuts
   Sewer: 1631 daAuts
  Lair:4: 1517 daAuts
Shoals:4: 1510 daAuts
  Lair:3: 1501 daAuts
     D:4: 1436 daAuts
    D:11: 1333 daAuts
Shoals:2: 1297 daAuts
   Orc:2: 1293 daAuts
 Snake:4: 1281 daAuts
 Snake:2: 1224 daAuts
    D:14: 1214 daAuts
